 Dungeon Crawl Stone Soup version 0.17-a0-2101-g0c122e7 (webtiles) character file.

5962 Kidiri the Thaumaturge (level 10, -1/56 HPs)
             Began as a Deep Elf Fire Elementalist on Oct 18, 2015.
             Was a Believer of Vehumet.
             Slain by a troll (11 damage)
             ... on level 9 of the Dungeon.
             The game lasted 01:00:13 (15636 turns).

Kidiri the Thaumaturge (DEFE)                      Turns: 15636, Time: 01:00:15

Health: -1/56      AC: 13    Str:  5    XL:     10   Next: 54%
Magic:  12/24      EV: 11    Int: 26    God:    Vehumet [**....]
Gold:   50         SH:  5    Dex: 15    Spells: 9 memorised, 1 level left

rFire  . . .     SeeInvis .     G - +6 broad axe of Naimiun {freeze, Int+2}
rCold  + + .     Clarity  .     A - +4 ring mail {rC+}
rNeg   . . .     SustAt   .     n - +0 buckler
rPois  .         Gourm    .     (no helmet)
rElec  .         Spirit   .     h - +2 cloak {+Inv}
rCorr  .         Warding  .     (no gloves)
rMut   .         Stasis   .     (no boots)
MR     ++...                    f - amulet of regeneration
Stlth  +++.......               b - ring of protection from cold
                                a - ring of protection from magic

@: very slightly contaminated, very resistant to hostile enchantments, fairly
stealthy
A: no striking features
a: Renounce Religion, Evoke Invisibility


You were on level 9 of the Dungeon.
You worshipped Vehumet.
Vehumet was pleased with you.
You were not hungry.

You visited 2 branches of the dungeon, and saw 10 of its levels.

You collected 484 gold pieces.
You spent 434 gold pieces at shops.

Inventory:

Hand Weapons
 y - a +1 whip of electrocution
 G - the +6 broad axe of Naimiun (weapon) {freeze, Int+2}
   (You found it on level 9 of the Dungeon)

   It has been specially enchanted to freeze those struck by it, causing extra
   injury to most foes and up to half again as much damage against particularly
   susceptible opponents.
   It can also slow down cold-blooded creatures.
   It affects your intelligence (+2).
 H - a +2 dagger of distortion
Missiles
 q - 3 throwing nets (quivered)
Armour
 h - a +2 cloak of invisibility (worn)
 n - a +0 buckler (worn)
 A - a +4 ring mail of cold resistance (worn)
Magical Staves
 v - an uncursed staff of conjuration
 F - an uncursed staff of poison
Jewellery
 a - a ring of protection from magic (left hand)
 b - a ring of protection from cold (right hand)
 f - an amulet of regeneration (around neck)
 g - an uncursed amulet of resist corrosion
 t - an uncursed amulet of warding
Wands
 i - a wand of paralysis (10)
 w - a wand of cold (6)
 x - a wand of disintegration (9)
 C - a wand of confusion (23)
 D - a wand of lightning (6)
 E - a wand of teleportation (5)
Scrolls
 j - a scroll of magic mapping
Potions
 c - a potion of flight {unknown}
 d - a potion of beneficial mutation {unknown}
 e - 2 potions of heal wounds
 k - a potion of poison {unknown}
 m - a potion of curing {unknown}
 o - a potion of cure mutation {unknown}
 u - a potion of haste
 z - a potion of brilliance {unknown}
 B - a potion of magic {unknown}
Books
 r - a book of Maledictions

   Spells                             Type                      Level
   a - Corona                         Hexes                        1
   b - Ensorcelled Hibernation        Hexes/Ice                    2
   c - Confuse                        Hexes                        3
   d - Tukima's Dance                 Hexes                        3
   e - Dazzling Spray                 Conjuration/Hexes            3
Comestibles
 l - 6 beef jerkies
 p - 5 fruits
 s - 2 bread rations


   Skills:
 + Level 3.6 Fighting
 - Level 0.8(1.5) Maces & Flails
   Level 1.3(2.0) Polearms
 + Level 2.8(3.2) Staves
 * Level 5.0 Armour
 + Level 5.6 Dodging
 + Level 6.1 Stealth
 * Level 4.2 Shields
 * Level 8.2 Spellcasting
 + Level 5.0 Conjurations
 + Level 4.6 Hexes
 + Level 5.4 Fire Magic
 + Level 2.3 Ice Magic
 + Level 4.7 Evocations


You had one spell level left.
You knew the following spells:

 Your Spells              Type           Power        Failure   Level  Hunger
a - Flame Tongue          Conj/Fire      #####        2%          1    None
b - Throw Flame           Conj/Fire      #####.       4%          2    None
c - Conjure Flame         Conj/Fire      #####...     10%         3    None
d - Inner Flame           Hex/Fire       #####...     10%         3    None
e - Sticky Flame          Conj/Fire      #####...     30%         4    ##.....
f - Fireball              Conj/Fire      #####.....   80%         5    ####...
g - Corona                Hex            #####..      3%          1    None
h - Ensorcelled Hibernat  Hex/Ice        ####..       10%         2    None
i - Confuse               Hex            #####...     12%         3    None


Dungeon Overview and Level Annotations

Branches:
Dungeon (9/15)             Temple (1/1) D:4
   Lair: D:8-11         Orc: D:9-12

Altars:
Ashenzari
Cheibriados
Dithmenos
Elyvilon
Fedhas
Gozag
Kikubaaqudgha
Makhleb
Nemelex Xobeh
Okawaru
Qazlal
Ru
Sif Muna
Trog
Vehumet
Xom
Yredelemnul
Zin
The Shining One

Shops:
D:9 [

Annotations:
D:9 Erica


Message History

The flame tongue hits the troll.
The troll is almost dead.
The water moccasin skeleton misses you. The troll bites you but does no damage.
The troll claws you but does no damage. x2
Casting: Flame Tongue
Confirm with . or Enter, or press ? or * to list all spells.
Okay, then.
Unknown command.
Casting: Flame Tongue
Confirm with . or Enter, or press ? or * to list all spells.
Aiming: Sticky Flame
Press: ? - help, Shift-Dir - straight line, f/p - troll
Aim: a troll (severely wounded)
You miscast Sticky Flame.
The air around you burns with energy! The water moccasin skeleton bites you.
* * * LOW HITPOINT WARNING * * *
The troll bites you.
* * * LOW HITPOINT WARNING * * *
The troll claws you!
You die...

≈ ;....≈≈≈.≈≈≈..### .
...≈..≈h≈.....# ≈≈
≈≈≈.§≈≈≈..≈.%## ≈≈
≈≈≈≈≈§≈≈≈....# ..
≈≈≈≈≈§..≈....# ...
..[.≈.†.......# ...
....≈..........# ..
..........######
####.....####..Z@<.##
...............T....#
....# .##..#####..###
...## ##.# #⌠.⌠#
#...# .## #.∩[#
###.### ...###⌠.⌠#
...(..####.......##
##.....)..........#
###.##....####....##


You could see a troll and a water moccasin skeleton.

Vanquished Creatures
  A hill giant (D:7)
  Pikel (D:8)
  Maurice (D:8)
  Psyche (D:9)
  2 wolves (D:9)
  2 orc warriors
  8 ogres
  An ice beast (D:5)
  2 slaves
  A centaur (D:8)
  2 phantoms
  A wyvern zombie (D:6)
  4 giant frogs
  2 scorpions (D:4)
  5 wights
  3 jellies
  13 killer bees
  A centaur zombie (D:3)
  A quasit (D:7)
  3 giant frog skeletons
  3 crimson imps
  A gnoll shaman (D:4)
  A giant frog zombie (D:7)
  Crazy Yiuf (D:2)
  7 orc priests
  6 hounds
  9 orc wizards
  A wasp zombie (D:7)
  2 iguanas
  2 worker ants
  A worker ant zombie (D:7)
  A hound skeleton (D:4)
  14 adders
  13 gnolls
  A shadow imp (D:7)
  An adder zombie (D:7)
  An ooze (D:2)
  5 worms
  3 giant geckos
  41 orcs
  8 giant cockroaches
  7 goblins
  12 hobgoblins
  14 jackals
  15 kobolds
  3 quokkas
  A ball python (D:4)
  A ball python skeleton (D:4)
  4 bats
  A giant gecko skeleton (D:4)
  6 giant newts
  A quokka skeleton (D:7)
  2 quokka zombies (D:7)
  8 rats
252 creatures vanquished.

Vanquished Creatures (others)
  A slave (D:8)
  A jelly (D:8)
  An orc wizard (D:8)
  2 fire vortices
5 creatures vanquished.

Grand Total: 257 creatures vanquished

Notes
Turn   | Place    | Note
--------------------------------------------------------------
     0 | D:1      | Kidiri the Deep Elf Fire Elementalist began the quest for the Orb.
     0 | D:1      | Reached XP level 1. HP: 10/10 MP: 6/6
   514 | D:1      | Reached XP level 2. HP: 16/16 MP: 2/8
   518 | D:1      | Learned a level 2 spell: Throw Flame
  1324 | D:2      | Reached XP level 3. HP: 15/20 MP: 0/9
  1331 | D:1      | Learned a level 3 spell: Conjure Flame
  1803 | D:2      | Reached skill level 1 in Armour
  1803 | D:2      | Reached XP level 4. HP: 19/24 MP: 2/11
  1811 | D:2      | Learned a level 3 spell: Inner Flame
  2327 | D:2      | Found a shadowy altar of Dithmenos.
  2851 | D:2      | Reached skill level 1 in Fighting
  2974 | D:1      | Reached XP level 5. HP: 29/29 MP: 12/12
  3059 | D:2      | Reached skill level 1 in Hexes
  3069 | D:2      | Reached skill level 1 in Evocations
  3355 | D:2      | Noticed Crazy Yiuf
  3364 | D:2      | Killed Crazy Yiuf
  3487 | D:3      | Reached skill level 4 in Spellcasting
  3941 | D:3      | Noticed a phantom
  4137 | D:3      | Killed a phantom
  4137 | D:3      | Reached XP level 6. HP: 28/34 MP: 4/14
  4143 | D:3      | Learned a level 4 spell: Sticky Flame
  4838 | D:3      | Reached XP level 7. HP: 39/39 MP: 2/16
  5335 | D:4      | Reached skill level 5 in Spellcasting
  5641 | D:4      | Found a staircase to the Ecumenical Temple.
  5666 | D:4      | Reached skill level 1 in Shields
  6214 | D:4      | Reached skill level 1 in Polearms
  6449 | D:4      | Reached XP level 8. HP: 44/44 MP: 8/18
  6761 | D:5      | Entered Level 5 of the Dungeon
  6973 | D:4      | Learned a level 5 spell: Fireball
  7655 | D:5      | Reached skill level 6 in Spellcasting
  7862 | Temple   | Entered the Ecumenical Temple
  7903 | Temple   | Became a worshipper of Vehumet
  9928 | D:6      | Reached XP level 9. HP: 49/49 MP: 0/20
 10085 | D:5      | Learned a level 1 spell: Corona
 10088 | D:5      | Learned a level 2 spell: Ensorcelled Hibernation
 10320 | D:6      | Reached skill level 1 in Staves
 11134 | D:7      | Reached skill level 5 in Stealth
 11309 | D:7      | Reached skill level 7 in Spellcasting
 11391 | D:7      | Noticed a hill giant
 11411 | D:7      | Killed a hill giant
 11411 | D:7      | Reached skill level 5 in Dodging
 11411 | D:7      | Reached skill level 1 in Ice Magic
 11829 | D:7      | Reached * piety under Vehumet
 11829 | D:7      | Offered knowledge of Sandblast by Vehumet.
 12323 | D:7      | Reached skill level 5 in Fire Magic
 12634 | D:8      | Noticed Pikel
 12698 | D:8      | Killed Pikel
 12966 | D:8      | Reached XP level 10. HP: 34/56 MP: 9/23
 13117 | D:8      | Learned a level 3 spell: Confuse
 13182 | D:8      | Noticed Maurice
 13390 | D:8      | Killed Maurice
 14834 | D:9      | Found Meb Pausm's Armour Shoppe.
 14850 | D:9      | Bought a +4 ring mail of cold resistance for 434 gold pieces
 14984 | D:9      | Reached skill level 8 in Spellcasting
 14989 | D:9      | Got a transparent broad axe
 14990 | D:9      | Identified the +6 broad axe of Naimiun {freeze, Int+2} (You found it on level 9 of the Dungeon)
 15034 | D:9      | Noticed Psyche
 15063 | D:9      | Noticed Erica
 15076 | D:9      | Found a deep blue altar of Sif Muna.
 15347 | D:8      | Reached skill level 5 in Armour
 15450 | D:9      | Reached ** piety under Vehumet
 15463 | D:9      | Killed Psyche
 15463 | D:9      | Reached skill level 5 in Conjurations
 15534 | D:9      | Offered knowledge of Sting by Vehumet.
 15636 | D:9      | Slain by a troll

Vault maps used:
D:1:      matt_arrival_grand_opening
D:2:      grunt_dithmenos_smoke, uniq_crazy_yiuf_cottage
D:3:      first_bread, hangedman_abyss_or_decor_stabs
D:4:      minmay_temple_entry_from_below_a
D:6:      serial_curves, eino_curves_03, eino_curves_02, eino_curves_03,
          eino_curves_03
D:7:      minmay_stone_trees_small, grunt_ogre_cave, minmay_misc_feat_iff
D:8:      uniq_maurice, uniq_pikel
D:9:      erik_lair_island, basic_altar, serial_shops, shop_fountains,
          nicolae_zen_rock_garden, uniq_erica, uniq_psyche
Temple:   grunt_circular_temple_18

Action                   |  1- 3 |  4- 6 |  7- 9 | 10-12 || total
-------------------------+-------+-------+-------+-------++-------
Melee: Unarmed           |     3 |       |       |       ||     3
       Whip              |    12 |       |    33 |    24 ||    69
       Spear             |       |   270 |    37 |       ||   307
       Staff             |       |       |    35 |     5 ||    40
       Broad axe         |       |       |       |     5 ||     5
Throw: Throwing net      |       |       |       |     3 ||     3
 Cast: Flame Tongue      |    58 |    64 |   182 |    79 ||   383
       Throw Flame       |    14 |    41 |    79 |    22 ||   156
       Inner Flame       |       |     7 |    13 |       ||    20
       Conjure Flame     |       |     6 |    11 |     3 ||    20
       Sticky Flame      |       |     1 |    16 |     6 ||    23
       Ensorcelled Hiber |       |       |     5 |       ||     5
       Corona            |       |       |     2 |       ||     2
       Fireball          |       |       |       |     6 ||     6
 Abil: Evoke Invisibilit |       |     1 |       |       ||     1
Evoke: Wand              |       |       |     1 |       ||     1
  Use: Scroll            |     5 |     3 |     5 |     4 ||    17
       Potion            |       |     3 |     2 |     1 ||     6
 Stab: Sleeping          |     3 |     2 |     4 |     2 ||    11
       Invisible         |       |     1 |       |       ||     1
  Eat: Chunk             |     3 |    11 |     5 |     1 ||    20
       Pizza             |       |     1 |       |       ||     1
       Bread ration      |       |     1 |     4 |     2 ||     7
       Beef jerky        |       |       |     1 |       ||     1
       Fruit             |       |       |     2 |       ||     2
       Meat ration       |       |       |     1 |       ||     1
